Greple, chaotic female vampiric Wizard ----- --------- |<..--- ------.[)..[...####...---- |.....---|.......%.--..| |...... --..|)...|.---------|..| |.([@.| --.|-.....---- ---- |.....| --|..)..%...| ---|--- ----.|....| |.| -----..| |.. Greple the Thaumaturge Experience level: 7 Strength: 9 Dexterity: 13 Constitution: 16 Intelligence: 18 Wisdom: 8 Charisma: 12 Health: 0(45) Energy: 76(80) AC: 5 Gold: 2401 Moves: 2535 Your Inventory: Coins $ - 2401 gold pieces Weapons a - a blessed +2 quarterstaff (weapon in hands) t - an [uncursed +0] runed dagger [elven] Armor b - an uncursed +0 cloak of magic resistance (being worn) n - a [blessed] +0 pair of elven boots (being worn) o - an [uncursed] +0 ring mail (being worn) Scrolls K - 3 [cursed] scrolls of blank paper P - an [uncursed] scroll labeled KERNOD WEL [of destroy armor] Q - an [uncursed] scroll labeled SODALG [of flood] R - an [uncursed] scroll labeled TEMOV [of identify] S - an [uncursed] scroll of fire T - a [cursed] scroll labeled VENZAR BORGAVVE [of earth] U - an [uncursed] scroll labeled YUM YUM [of enchant armor] Spellbooks l - a blessed spellbook of force bolt m - an uncursed spellbook of detect unseen V - an [uncursed] spellbook of detect food W - a [blessed] spellbook of healing Potions h - an uncursed potion of sickness X - an [uncursed] dark green potion [of gain energy] Y - 3 [uncursed] potions of healing Rings d - an uncursed ring of regeneration (on left hand) e - an uncursed ring of slow digestion (on right hand) E - an [uncursed] agate ring [of shock resistance] Wands c - an uncursed wand of probing (0:5) p - an [uncursed] wand of sleep [0:0] L - a [cursed] titanium wand [of create monster (0:12)] N - an [uncursed] short wand [of lightning (0:1)] Tools r - an [uncursed oil] lamp (lit) u - an [uncursed] bag [of holding] A - an [uncursed] tin whistle O - a [cursed] bag [sack] Gems q - an [uncursed] red gem [worthless glass] s - 3 [uncursed] white gems [worthless glass] v - 3 [uncursed] orange gems [worthless glass] w - 3 [uncursed] black gems [worthless glass] x - an [uncursed] violet gem [worthless glass] y - an [uncursed] yellowish brown gem [worthless glass] z - an [uncursed] yellow gem [worthless glass] C - 2 [uncursed] red gems [jasper] D - an [uncursed] green gem [worthless glass] F - an [uncursed] blue gem [worthless glass] G - 2 [uncursed] white gems [diamond] I - an [uncursed] green gem [emerald] J - an [uncursed] yellow gem [citrine] Contents of the bag of holding: an [uncursed] tripe ration Spells known in the end: Name Level Category Fail Memory a - force bolt 1 attack 40% [||||||||] b - detect unseen 3 divination 100% [||||||||] c - detect food 2 divination 84% [||||||||] d - healing 1 healing 40% [||||||||] Your skills at the end: Fighting Skills Weapon Skills quarterstaff [Basic / Expert] Spellcasting Skills attack spells [Basic / Expert] enchantment spells [Basic / Skilled] Final Attributes: You were devoutly aligned. Hunger level was 482. Your alignment was 17 / 22. Monster difficulty range was 1 - 6. Level difficulty was 6. You were immune to level-drain. You were magic-protected. You were blinded. You were stealthy. You were levitating. You could survive without air. You had slower digestion. You regenerated. Your luck was zero. You are dead. Vanquished creatures: a leprechaun a blue jelly a wood nymph a rock mole 5 gnome lords 2 gnomish wizards a straw golem 8 dwarves a kobold shaman 2 rothes 2 killer bees 3 hobbits a giant rat a brown mold a red mold 27 gnomes a gecko 3 jackals 2 foxes a kobold a goblin a sewer rat 67 creatures vanquished. Voluntary challenges: You used a wielded weapon 75 times. You read items or engraved 6 times. You put on armor 5 times. You never genocided any monsters. You never polymorphed an object. You never changed form. You used no wishes. You never wrote Elbereth's name. You encountered 1 bones level. You never used any Sokoban shortcuts. Dungeon overview: The Dungeons of Doom: levels 1 to 2 Level 1 a long staircase Level 2 stairs to The Gnomish Mines The Gnomish Mines: levels 3 to 6 Level 3 stairs to The Dungeons of Doom Level 6 <- You were here a temple to Anhur, a magic chest History has recorded: On T:1 you entered the Dungeons of Doom to retrieve the Amulet of Yendor! On T:573 you reached level 2 of The Dungeons of Doom. On T:739 you advanced to experience level 2. On T:825 you reached level 1 of The Gnomish Mines. On T:827 you advanced to experience level 3. On T:851 you advanced to experience level 4. On T:909 you advanced to experience level 5. On T:1153 you advanced to experience level 6. On T:1302 you reached level 2 of The Gnomish Mines. On T:1842 you advanced to experience level 7. On T:1984 you reached level 3 of The Gnomish Mines. On T:2364 you reached level 4 of The Gnomish Mines. Latest messages: You add the "detect food" spell to your repertoire. [3 turns] You begin to memorize the runes. You add the "healing" spell to your repertoire. [4 turns] This scroll seems to be blank. As you read the scroll, it disappears. The scroll erupts in a tower of flame! The priest of Anhur gets angry! Anhur roars in anger: "Thou shalt suffer!" The bolt of lightning hits you! You are blinded by the flash! The bolt of lightning bounces! The bolt of lightning hits you! Wizard is about to die. The bolt of lightning misses it. Your scroll of stinking cloud catches fire and burns! You die... The sack is empty. Final status: Goodbye Greple the Wizard... You died in The Gnomish Mines on dungeon level 6 with 4653 points, and 2401 pieces of gold, after 2535 moves. You were level 7 with a maximum of 45 hit points when you died.